 Dungeon Crawl Stone Soup version 0.22.1-2-g9c5b331 (webtiles) character file.

51 Gearfox the Firebug (level 3, 0/19 HPs)
             Began as a Deep Elf Fire Elementalist on Dec 11, 2018.
             Succumbed to Sigmund's poison
             ... on level 2 of the Dungeon.
             The game lasted 00:05:12 (1662 turns).

Gearfox the Firebug (Deep Elf Fire Elementalist)    Turns: 1662, Time: 00:05:12

Health: 0/19       AC:  3    Str:  5    XL:     3   Next: 57%
Magic:  1/10       EV: 13    Int: 20    God:
Gold:   91         SH:  0    Dex: 15    Spells: 6/9 levels left

rFire    . . .     SeeInvis .   e - +2 dagger (holy)
rCold    . . .     Gourm    .   (no shield)
rNeg     . . .     Faith    .   a - +1 robe
rPois    .         Spirit   .   (no helmet)
rElec    .         Reflect  .   (no cloak)
rCorr    .         Harm     .   (no gloves)
MR       .....                  (no boots)
Stlth    ++........             (no amulet)
HPRegen  0.06/turn              (no ring)
MPRegen  0.12/turn              (no ring)

@: lethally poisoned (0 -> -7), very slightly contaminated
A: no striking features
a: no special abilities


You were on level 2 of the Dungeon.
You were not hungry.

You visited 1 branch of the dungeon, and saw 2 of its levels.

You collected 91 gold pieces.

Inventory:

Hand Weapons
 e - a +2 dagger of holy wrath (weapon)
 h - a +0 hunting sling
Missiles
 b - 110 stones (quivered)
 j - 31 sling bullets
Armour
 a - a +1 robe (worn)
 k - a +1 robe of the Archmagi
Potions
 f - 2 potions of lignification {unknown}
 g - a potion of magic {unknown}
 i - a potion of brilliance {unknown}
 l - 2 potions of heal wounds {unknown}
 m - a potion of curing
Comestibles
 c - 5 rations
 d - 6 chunks of flesh


   Skills:
 - Level 2.4 Dodging
 - Level 2.4 Stealth
 * Level 3.8 Spellcasting
 + Level 1.4 Conjurations
 * Level 4.5 Fire Magic


You had 6 spell levels left.
You knew the following spells:

 Your Spells              Type           Power        Failure   Level  Hunger
a - Flame Tongue          Conj/Fire      ###..        3%          1    None
b - Throw Flame           Conj/Fire      ###...       6%          2    ##.....

Your spell library contained the following spells:

 Spells                   Type           Power        Failure   Level  Hunger
 Conjure Flame            Conj/Fire      ###.....     12%         3    ###....
 Inner Flame              Hex/Fire       ##......     16%         3    ###....
 Sticky Flame             Conj/Fire      ###.....     36%         4    ####...
 Fireball                 Conj/Fire      ###.......   71%         5    ######.


Dungeon Overview and Level Annotations

Branches:
Dungeon (2/15)

Altars:

Annotations:
D:2 Sigmund


Message History

Casting: Throw Flame (safe; 6% risk of failure)
Confirm with . or Enter, or press ? or * to list all spells.
You don't have enough magic to cast that spell.
Sigmund casts a spell at you. The magic dart hits you!
Sigmund mumbles some strange words.
Sigmund flickers and vanishes!
Deactivating autopickup; reactivate with Ctrl-A.
Something hits you!
Ouch! That really hurt!
* * * LOW HITPOINT WARNING * * *
You are lethally poisoned!
* * * LOW HITPOINT WARNING * * *
You feel sick.
* * * LOW HITPOINT WARNING * * *
You feel sick.
* * * LOW HITPOINT WARNING * * *
You feel sick.
Unknown command.
You die...

#..#..............#........##
# #.............รท..........#
#.............#####.#.##.#
#...###.........# #.#....#
#..####.........# #.####.##
................# #.####...
##.####.........# #^##...##
#.........#####.#..###
#.....@...#.......##
###.........##..###
.....########...## #..#.#
#.### #.##.. #.# . ..# #.##
.. ...


There were no monsters in sight!

Vanquished Creatures
  An adder (D:1)
  An ooze (D:2)
  A worm (D:1)
  A dart slug (D:2)
  2 leopard geckos (D:1)
  4 giant cockroaches
  5 hobgoblins
  A quokka (D:2)
  2 bats (D:1)
  4 frilled lizards
  2 goblins
  4 kobolds
  4 rats
32 creatures vanquished.

Notes
Turn   | Place    | Note
-------+----------+-------------------------------------------
     0 | D:1      | Gearfox the Deep Elf Fire Elementalist began the quest for
                  | the Orb.
     0 | D:1      | Reached XP level 1. HP: 10/10 MP: 6/6
   390 | D:1      | Reached XP level 2. HP: 15/15 MP: 1/8
   405 | D:1      | Learned a level 2 spell: Throw Flame
   460 | D:1      | Reached skill level 4 in Fire Magic
  1094 | D:1      | Reached XP level 3. HP: 16/19 MP: 1/10
  1643 | D:2      | Noticed Sigmund
  1662 | D:2      | Succumbed to Sigmund's poison

Skill      XL: |  1  2 |
---------------+-------+-----
Fire Magic     | 4 |  4.5
Dodging        | |  2.4
Stealth        | |  2.4
Spellcasting   | |  3.8
Conjurations   | |  1.4

Action                   || total
-------------------------++-------
Melee: Dagger            ||    10
 Cast: Flame Tongue      ||    23
       Throw Flame       ||    34
  Use: Scroll            ||     6
       Potion            ||     1
  Eat: Chunk             ||     3
Armor: Robe              ||    17
Dodge: Dodged            ||    32
